[Event "Team 45 45 League T61"]
[Site "Internet Chess Club"]
[Date "2014.06.22"]
[Round "4"]
[White "Pomberito"]
[Black "Ptzz"]
[Result "1-0"]
[WhiteElo "2122"]
[BlackElo "2064"]
[Opening "Caro-Kann: Panov-Botvinnik attack"]
[ECO "B13"]
[Time "08:23:57"]
[TimeControl "2700+45"]

1. e4 c6 2. d4 d5 3. exd5 cxd5 4. c4 Nf6 5. Nc3 Nc6 6. Nf3 Bg4 7. cxd5 Nxd5 8.
Qb3 Bxf3 9. gxf3 Nb6 10. Be3 e6 11. Rg1 g6 12. d5 exd5 13. O-O-O Be7 14. Bh6 Qc7
15. Nb5 Qxh2 16. Bg7 Rg8 17. Rg3 Rxg7 18. Nc7+ Kf8 19. Nxa8 Qxf2 20. Rg2 Qc5+
21. Rc2 Qb4 22. Nxb6 Qxb3 23. axb3 axb6 24. Bb5 h5 25. Bxc6 bxc6 26. Rxc6 Bg5+
27. Kc2 Be3 28. Rxd5 Rh7 29. Kd3 Bg1 30. Rc1 Bc5 31. b4 Bxb4 32. Rb5 Bd6 33.
Rxb6 Bf4 34. Rh1 h4 35. Ke4 g5 36. Rh3 Ke7 37. Kf5 Rh8 38. Rb7+ Kd6 39. Rxf7 Rb8
40. Rf6+ Kd7 41. Rh1 Rxb2 42. Rd1+ Rd2 43. Rb1 h3 44. Rb7+ Kc8 45. Rh7 h2 46.
Rc6+ Kb8 47. Re6 Kc8 48. Ree7 Rd1 49. Reg7 Rd5+ 50. Kg4 Rd1 51. Rf7 Rg1+ 52. Kf5
Rd1 53. Re7 Rd5+ 54. Kg4 Rd1 55. Re4 Rg1+ 56. Kf5 Rd1 57. Rc4+ Kd8 58. Ra4 Ke8
59. Ra8+ Rd8 60. Ke6 {Black resigns} 1-0

[Event "Team 45 45 League T61"]
[Site "Internet Chess Club"]
[Date "2014.06.23"]
[Round "4"]
[White "spongenotbob"]
[Black "noblitz-oblige"]
[Result "1-0"]
[WhiteElo "1868"]
[BlackElo "1653"]
[Opening "Kevitz-Trajkovich defense"]
[ECO "A50"]
[Time "23:48:35"]
[TimeControl "2700+45"]

1. d4 Nf6 2. c4 Nc6 3. Nf3 e6 4. Nc3 d5 5. cxd5 exd5 6. Bg5 Be7 7. e3 O-O 8. Bd3
Re8 9. O-O h6 10. Bh4 Nb4 11. Be2 Bf5 12. a3 Nc6 13. Qb3 Na5 14. Qa4 c6 15. b4
b5 16. Qxa5 {Black resigns} 1-0

[Event "Team 45 45 League T61"]
[Site "Internet Chess Club"]
[Date "2014.06.22"]
[Round "4"]
[White "John3v16"]
[Black "Chess-Boy"]
[Result "1/2-1/2"]
[WhiteElo "1660"]
[BlackElo "1651"]
[Opening "Ruy Lopez: closed, Bogolyubov variation"]
[ECO "C91"]
[Time "03:02:51"]
[TimeControl "2700+45"]

1. e4 e5 2. Nf3 Nc6 3. Bb5 a6 4. Ba4 Nf6 5. O-O Be7 6. Re1 b5 7. Bb3 O-O 8. d4
d6 9. c3 Bg4 10. d5 Na5 11. Bc2 Qd7 12. Nbd2 c6 13. b4 Nb7 14. c4 cxd5 15. cxd5
Rfc8 16. Bb2 Bd8 17. Bd3 a5 18. a3 axb4 19. axb4 Ne8 20. Qe2 Nc7 21. Qe3 f6 22.
Ra7 Bxf3 23. Nxf3 Ne8 24. Rea1 Rxa7 25. Rxa7 Rb8 26. Qe2 Nc7 27. Bc1 Be7 28. Be3
Nd8 29. Qc2 Rb7 30. Rxb7 Nxb7 31. Qc6 Qxc6 32. dxc6 Nd8 33. Bb6 Nde6 34. Bb1 d5
35. Ba2 Kf8 36. exd5 Na8 37. Bc5 Nxc5 38. bxc5 Bxc5 39. Nd2 f5 40. Nb3 Bb4 41.
Nc1 Ke7 42. Nd3 Bd6 43. f3 Nc7 44. g4 fxg4 45. fxg4 Kf6 46. Kg2 e4 47. Nf2 Ke5
48. Bb1 Nxd5 49. Bxe4 h6 50. Kf3 b4 51. h3 b3 52. Nd3+ Kd4 53. Nb2 Nb4 54. Na4
Nd3 55. Bxd3 Kxd3 56. h4 g6 57. Kf2 Kc2 58. Ke3 b2 59. Nxb2 Kxb2 60. Ke4 Kc3 61.
Kd5 Bc7 62. Ke6 Kd4 63. Kf6 Ke4 64. Kxg6 Kf4 65. Kxh6 Kxg4 66. h5 Kf5 67. Kg7
Ke6 68. h6 Kd6 69. h7 Kxc6 70. Kf6 Ba5 {Game drawn by mutual agreement} 1/2-1/2

[Event "Team 45 45 League T61"]
[Site "Internet Chess Club"]
[Date "2014.06.22"]
[Round "4"]
[White "uzi"]
[Black "Beefstick"]
[Result "0-1"]
[WhiteElo "1451"]
[BlackElo "1604"]
[Opening "Scandinavian defense"]
[ECO "B01"]
[Time "15:00:21"]
[TimeControl "2700+45"]

1. e4 d5 2. exd5 Nf6 3. Bb5+ Nbd7 4. Nc3 a6 5. Ba4 b5 6. Bb3 Nb6 7. d4 Nbxd5 8.
Nxd5 Nxd5 9. Qf3 Bb7 10. Ne2 e6 11. O-O Rb8 12. Qh5 Be7 13. a4 b4 14. a5 O-O 15.
c4 bxc3 16. bxc3 Nf6 17. Qh4 Bxg2 18. Kxg2 Rxb3 19. Bg5 Nd5 20. Bxe7 Nxe7 21.
Rg1 Rb2 22. Kf1 Qd6 23. Qg5 Ng6 24. h4 Qd5 25. Qxd5 exd5 26. h5 Ne7 27. Nf4 Rb3
28. h6 g6 29. Re1 Nf5 30. Nxd5 c6 31. Ne7+ Nxe7 32. Rxe7 Rxc3 33. Ra7 Rc8 34.
Rxa6 Rh3 35. Rg3 Rxh6 36. Ke2 Rh5 37. Ra3 c5 38. dxc5 Rhxc5 39. Rb6 Kg7 40. a6
Ra8 41. Rb7 h6 42. a7 Rcc8 43. Rab3 Rc2+ 44. Kf3 Ra2 45. Kg3 R8xa7 46. Rxa7 Rxa7
47. f3 h5 48. Rb4 g5 49. Rb5 Kg6 50. Rb6+ f6 51. Rb8 h4+ 52. Kg4 Ra4+ 53. Kh3
Rf4 54. Kg2 h3+ 55. Kxh3 Rxf3+ 56. Kg2 g4 57. Rg8+ Kf5 58. Rf8 Rd3 59. Ra8 Ke4
60. Rg8 f5 61. Re8+ Kf4 62. Ra8 Rd2+ 63. Kf1 g3 64. Ra4+ Kg5 65. Ra3 f4 66. Ra5+
Kg4 67. Ra3 g2+ 68. Kg1 f3 69. Ra8 Rd1+ {White resigns} 0-1

[Event "Team 45 45 League T61"]
[Site "Internet Chess Club"]
[Date "2014.06.21"]
[Round "4"]
[White "semperfi"]
[Black "drsigmund1"]
[Result "0-1"]
[WhiteElo "1345"]
[BlackElo "1577"]
[Opening "Queen's pawn"]
[ECO "A40"]
[Time "13:00:27"]
[TimeControl "2700+45"]

1. d4 e6 2. Nf3 b6 3. e3 Bb7 4. Nbd2 f5 5. Bd3 Nf6 6. O-O Na6 7. c3 c5 8. Qe2
Nc7 9. Re1 Ne4 10. Nc4 Be7 11. Ncd2 O-O 12. Nxe4 fxe4 13. Bxe4 Bxe4 14. Qc4
{White resigns} 0-1

[Event "Team 45 45 League T61"]
[Site "Internet Chess Club"]
[Date "2014.06.20"]
[Round "4"]
[White "JasonModer"]
[Black "Buford-Julep"]
[Result "0-1"]
[WhiteElo "1722"]
[BlackElo "1720"]
[Opening "Grünfeld with Bf4 & e3"]
[ECO "D93"]
[Time "15:00:33"]
[TimeControl "2700+45"]

1. d4 Nf6 2. c4 g6 3. Nc3 d5 4. Bf4 Bg7 5. Nf3 O-O 6. e3 c5 7. Rc1 cxd4 8. exd4
Nc6 9. Nb5 Nh5 10. Nc7 Nxf4 11. Nxa8 Be6 12. g3 Nh5 13. Bg2 Nf6 14. Ne5 Qxa8 15.
Nxc6 bxc6 16. Qa4 Qb7 17. b3 Nd7 18. cxd5 Bxd5 19. Bxd5 cxd5 20. O-O Nf6 21.
Rfe1 Ne4 22. Red1 h6 23. Qa5 e6 24. Rc7 Qb6 25. Qxa7 Qxa7 26. Rxa7 Nc3 27. Rd2
Bxd4 28. Rc7 Be5 29. Rc6 Ra8 30. a4 Rb8 31. f4 Bf6 32. a5 Rxb3 33. Rc8+ Kg7 34.
a6 Ra3 35. Ra8 Nb5 36. Rc2 d4 37. Rb8 d3 38. Rd2 Nd4 39. a7 Nf3+ 40. Kf2 Nxd2
41. a8=Q Rxa8 42. Rxa8 Ne4+ 43. Ke3 d2 44. Ke2 Bc3 45. Rd8 f5 46. Rd3 Ba5 47. h3
Kf6 48. Rd4 Nc3+ 49. Kxd2 Nb5+ 50. Kd3 Nxd4 51. Kxd4 h5 52. Ke3 Bc7 53. h4 Bb6+
54. Kf3 Ke7 55. Ke2 Kd6 56. Kf3 Kd5 57. g4 hxg4+ 58. Kg2 Ke4 59. Kg3 Be3 60. Kg2
Kxf4 61. Kh2 Kf3 62. h5 gxh5 63. Kh1 Bf4 64. Kg1 h4 65. Kh1 h3 66. Kg1 g3 67.
Kf1 g2+ 68. Ke1 g1=Q# {White checkmated} 0-1

[Event "Team 45 45 League T61"]
[Site "Internet Chess Club"]
[Date "2014.06.21"]
[Round "4"]
[White "bayoumicardio10"]
[Black "vjbaker"]
[Result "0-1"]
[WhiteElo "1525"]
[BlackElo "1695"]
[Opening "Sicilian: Grand Prix attack"]
[ECO "B23"]
[Time "15:01:06"]
[TimeControl "2700+45"]

1. e4 c5 2. Nc3 Nc6 3. f4 g6 4. Nf3 Bg7 5. Bb5 e6 6. O-O Nge7 7. d3 O-O 8. Bxc6
bxc6 9. Qe1 d5 10. e5 Ba6 11. b3 c4 12. bxc4 dxc4 13. d4 Nf5 14. Ba3 Re8 15. Rd1
Ne7 16. Rf2 Qa5 17. Bxe7 Rxe7 18. Rb1 Rd7 19. Rb2 Bf8 20. Rf1 Bb4 21. Rxb4 Qxb4
22. Qh4 Qxc3 23. Ng5 Qxd4+ 24. Kh1 h5 25. g4 Bb7 26. h3 Qd2 27. gxh5 c5+ 28. Kg1
Qg2# {White checkmated} 0-1

[Event "Team 45 45 League T61"]
[Site "Internet Chess Club"]
[Date "2014.06.20"]
[Round "4"]
[White "tornado100"]
[Black "pauliewoll"]
[Result "1/2-1/2"]
[WhiteElo "1472"]
[BlackElo "1534"]
[Opening "Sicilian: dragon variation"]
[ECO "B70"]
[Time "16:30:11"]
[TimeControl "2700+45"]

1. e4 c5 2. Nf3 d6 3. d4 cxd4 4. Nxd4 Nf6 5. Nc3 g6 6. Bc4 Bg7 7. Be3 Ng4 8.
Bb5+ Kf8 9. Bg5 Bxd4 10. Qxd4 Kg8 11. Nd5 f6 12. Bh4 g5 13. Bg3 e5 14. Qd3 Be6
15. h3 Nh6 16. Bc4 Nc6 17. O-O Nf7 18. Rfd1 Na5 19. Bb3 Nxb3 20. Qxb3 b6 21. Qf3
Bxd5 22. Rxd5 Rc8 23. c3 h5 24. h4 g4 25. Qe3 Rc5 26. Rad1 Rh7 27. a4 Rc4 28. b3
Rc8 29. b4 Qd7 30. b5 Rc4 31. Ra1 f5 32. exf5 Qxf5 33. Qd3 Qxd3 34. Rxd3 Rc5 35.
Rc1 Rc4 36. Ra1 Re4 37. a5 Re2 38. axb6 axb6 39. Ra6 Rh6 40. Rxb6 Re1+ 41. Kh2
Rb1 42. c4 Kg7 43. Rc3 Rh8 44. c5 Ra8 45. Ra6 Rc8 46. Rc6 Rd8 47. f3 Rxb5 48.
cxd6 Nxd6 49. R6c5 Rxc5 50. Rxc5 Nf7 51. fxg4 hxg4 52. Bxe5+ Kh7 53. Kg3 Nh6 54.
Rc3 Rd7 55. Bf4 Rg7 56. Rc4 Nf5+ 57. Kf2 Nxh4 58. Rc5 Ng6 59. Rg5 Nxf4 60. Rxg7+
Kxg7 61. Kg3 Nxg2 62. Kxg4 {Game drawn because neither player has mating
material} 1/2-1/2

[Event "Team 45 45 League T61"]
[Site "Internet Chess Club"]
[Date "2014.06.20"]
[Round "4"]
[White "SirIvanhoe"]
[Black "Nxs123"]
[Result "1-0"]
[WhiteElo "1713"]
[BlackElo "1619"]
[Opening "French: King's Indian attack"]
[ECO "C00"]
[Time "13:00:26"]
[TimeControl "2700+45"]

1. e4 e6 2. d3 d5 3. Nd2 c5 4. Ngf3 Nc6 5. g3 g6 6. Bg2 Bg7 7. O-O Nge7 8. Re1
O-O 9. c3 Qb6 10. e5 Qc7 11. Qe2 Bd7 12. Nf1 Rad8 13. Bf4 Bc8 14. Rac1 b6 15. d4
c4 16. Qd2 b5 17. Bh6 a5 18. h4 b4 19. g4 bxc3 20. bxc3 Ba6 21. h5 Rb8 22. Bxg7
Kxg7 23. h6+ Kg8 24. Ng5 Kh8 25. Rb1 Rxb1 26. Rxb1 Ng8 27. Nh2 Nxh6 28. Nxe6
fxe6 29. Qxh6 Qf7 30. f3 Kg8 31. g5 Bc8 32. Ng4 Qg7 33. Nf6+ Kh8 34. Rb6 Ne7 35.
Qxg7+ Kxg7 36. Rb5 Nc6 37. Rb6 Ne7 38. Rd6 Nf5 39. Rc6 h6 40. Rc7+ {Black
resigns} 1-0

[Event "Team 45 45 League T61"]
[Site "Internet Chess Club"]
[Date "2014.06.22"]
[Round "4"]
[White "Iletrado"]
[Black "justice02"]
[Result "1-0"]
[WhiteElo "1857"]
[BlackElo "1754"]
[Opening "Queen's pawn game"]
[ECO "A46"]
[Time "07:00:19"]
[TimeControl "2700+45"]

1. d4 Nf6 2. Nf3 c5 3. g3 g6 4. Bg2 Bg7 5. O-O cxd4 6. Nxd4 Nc6 7. c4 Qb6 8. Nb5
Ng4 9. N1c3 O-O 10. h3 Bxc3 11. Nxc3 Nf6 12. Nd5 Qd4 13. Nxe7+ {Black resigns}
1-0

[Event "Team 45 45 League T61"]
[Site "Internet Chess Club"]
[Date "2014.06.23"]
[Round "4"]
[White "Grenadier"]
[Black "QuieroAprender"]
[Result "1-0"]
[WhiteElo "1627"]
[BlackElo "1657"]
[Opening "Ruy Lopez: Classical defense deferred"]
[ECO "C70"]
[Time "20:00:37"]
[TimeControl "2700+45"]

1. e4 e5 2. Nf3 Nc6 3. Bb5 a6 4. Ba4 Bc5 5. O-O b5 6. Bb3 Nf6 7. Re1 O-O 8. c3
Bb7 9. d4 exd4 10. cxd4 Bb6 11. Bg5 h6 12. Bh4 g5 13. Bg3 g4 14. d5 gxf3 15.
dxc6 Bxc6 16. Bh4 fxg2 17. e5 Bxf2+ 18. Bxf2 Ne4 19. Qg4+ Qg5 20. Rxe4 Bxe4 21.
Qxe4 Kh8 22. Nc3 Rae8 23. Bh4 Qg6 24. Bf6+ Kh7 25. Qe2 b4 26. Bc2 bxc3 27. Bxg6+
fxg6 28. bxc3 Rxf6 29. Qxg2 Rxe5 30. Rf1 Rfe6 31. Qf2 Rg5+ 32. Kh1 Rf5 33. Qg2
Rg5 34. Qb7 Re2 35. Qxc7 Re7 36. Qd6 Rg7 37. Qxa6 h5 38. a4 h4 39. Qf6 Kh6 40.
Rg1 Rf5 41. Qxf5 gxf5 42. Rxg7 Kxg7 43. a5 f4 44. a6 f3 45. Kg1 {Black resigns}
1-0

[Event "Team 45 45 League T61"]
[Site "Internet Chess Club"]
[Date "2014.06.22"]
[Round "4"]
[White "edwspin"]
[Black "bmw2002"]
[Result "1-0"]
[WhiteElo "1539"]
[BlackElo "1574"]
[Opening "King's Indian: East Indian defense"]
[ECO "A48"]
[Time "14:06:10"]
[TimeControl "2700+45"]

1. d4 Nf6 2. Nf3 g6 3. e3 Bg7 4. c4 c5 5. Nc3 cxd4 6. exd4 O-O 7. Bd3 d5 8. O-O
Nc6 9. cxd5 Nxd5 10. Bc4 Nxc3 11. bxc3 Bf5 12. a3 Qc7 13. Ba2 Na5 14. Bb2 Nc4
15. Qb3 Rac8 16. Bc1 Na5 17. Qb5 a6 18. Qa4 b5 19. Qb4 Qxc3 20. Qxc3 Rxc3 21.
Bd2 Rxa3 22. Bxf7+ Kxf7 23. Rxa3 Nc4 24. Rxa6 Bd3 25. Re1 Ke8 26. Bb4 Nd6 27.
Bxd6 {Black resigns} 1-0

[Event "Team 45 45 League T61"]
[Site "Internet Chess Club"]
[Date "2014.06.22"]
[Round "4"]
[White "zepled37"]
[Black "ElMarginal"]
[Result "0-1"]
[WhiteElo "1588"]
[BlackElo "1536"]
[Opening "Four knights: Scotch, 4...exd4"]
[ECO "C47"]
[Time "19:34:33"]
[TimeControl "2700+45"]

1. e4 e5 2. Nf3 Nf6 3. Nc3 Nc6 4. d4 exd4 5. Nxd4 d6 6. Bc4 Be7 7. O-O O-O 8. h3
Nxe4 9. Nxe4 d5 10. Nxc6 bxc6 11. Nd2 dxc4 12. Nxc4 Ba6 13. Qg4 Qd5 14. b3 Bf6
15. Rd1 h5 16. Qe2 Qf5 17. Rb1 Rfe8 18. Be3 g6 19. g4 hxg4 20. hxg4 Qe6 21. Kg2
Bg5 22. Rh1 Qe4+ 23. Kg1 Bxe3 24. fxe3 Kg7 25. Kf2 Rh8 26. Qd3 Qxg4 27. Rbg1 Qe6
28. Qd4+ Qf6+ 29. Qxf6+ Kxf6 30. Na5 c5 31. Kg3 Rxh1 32. Rxh1 Re8 33. Rf1+ Bxf1
{White resigns} 0-1

[Event "Team 45 45 League T61"]
[Site "Internet Chess Club"]
[Date "2014.06.21"]
[Round "4"]
[White "meduzo"]
[Black "zap2"]
[Result "1/2-1/2"]
[WhiteElo "1621"]
[BlackElo "1813"]
[Opening "Caro-Kann: exchange variation"]
[ECO "B13"]
[Time "09:13:43"]
[TimeControl "2700+45"]

1. e4 c6 2. d4 d5 3. exd5 cxd5 4. Nf3 Nc6 5. Bb5 Nf6 6. O-O Bg4 7. Re1 Qc7 8. h3
Bxf3 9. Qxf3 e6 10. Bg5 Ne4 11. Be3 Bd6 12. Nd2 Nxd2 13. Bxd2 O-O 14. c3 Na5 15.
Bd3 b5 16. Qh5 g6 17. Qf3 Nc4 18. Bh6 Rfc8 19. Rab1 a5 20. h4 b4 21. h5 Bf8 22.
Bxf8 Rxf8 23. h6 Qd8 24. Bxc4 dxc4 25. Qf4 Ra6 26. Qe5 f6 27. Qb5 Qc8 28. Re2
Qc6 29. Qxc6 Rxc6 30. Rbe1 Kf7 31. d5 Rd6 32. Rxe6 Rxe6 33. Rxe6 bxc3 34. bxc3
g5 35. Ra6 Rb8 36. Rxa5 Rb1+ 37. Kh2 Rc1 38. a4 Rxc3 39. Rc5 Kg6 40. a5 Kxh6 41.
a6 Ra3 42. Rxc4 Rxa6 43. Rc6 Ra2 44. Rxf6+ Kg7 45. Rf5 Kg6 46. Rf8 Rd2 47. Rg8+
Kf6 48. Rd8 h5 49. d6 Ke6 50. Rg8 Rd5 51. Rg6+ Kd7 52. Rh6 h4 53. Kh3 Rd2 {Game
drawn by mutual agreement} 1/2-1/2

[Event "Team 45 45 League T61"]
[Site "Internet Chess Club"]
[Date "2014.06.23"]
[Round "4"]
[White "ILRE"]
[Black "pokerram"]
[Result "1-0"]
[WhiteElo "1601"]
[BlackElo "1668"]
[Opening "English opening"]
[ECO "A22"]
[Time "15:05:08"]
[TimeControl "2700+45"]

1. c4 e5 2. Nc3 Nf6 3. d3 d5 4. cxd5 Nxd5 5. Nf3 Nc6 6. Bd2 Be7 7. g3 O-O 8. Bg2
Be6 9. O-O f5 10. a3 Nb6 11. Rc1 a5 12. Na4 e4 13. dxe4 fxe4 14. Nxb6 cxb6 15.
Ne1 Bd5 16. Be3 b5 17. Nc2 b4 18. axb4 axb4 19. Nd4 Nxd4 20. Bxd4 Bf6 21. e3 Ra6
22. Qd2 b3 23. Rfd1 Bc6 24. Qb4 Bxd4 25. Rxd4 Qf6 26. Qxb3+ Kh8 27. Qc2 h6 28.
Rd2 Ba4 29. Qxe4 Bc6 30. Qf4 Qe7 31. Qg4 Ra4 32. Qe2 Bxg2 33. Kxg2 Ra6 34. Qg4
Qf7 35. Rf1 Re6 36. Rd4 g5 37. h4 Rxe3 38. hxg5 Rf3 39. Rf4 Rxf4 40. gxf4 Qd5+
41. f3 Qd2+ 42. Rf2 Qd6 43. Kg3 Rg8 44. Kh3 Rg7 45. Re2 Qd3 46. Qc8+ Rg8 47.
Qc3+ Qxc3 48. bxc3 hxg5 49. fxg5 Rxg5 50. Re8+ Kh7 51. Re7+ Kg6 52. Rxb7 Rc5 53.
Rb3 Rc4 54. Kg3 Kf5 55. Kf2 Rh4 56. Ke3 Rh1 57. Rb5+ Ke6 58. Rb4 Re1+ 59. Kf4
Re5 60. Re4 {Black resigns} 1-0

[Event "Team 45 45 League T61"]
[Site "Internet Chess Club"]
[Date "2014.06.22"]
[Round "4"]
[White "DaveTheRook"]
[Black "kutch"]
[Result "1-0"]
[WhiteElo "1612"]
[BlackElo "1460"]
[Opening "Nimzo-Indian: Sämisch variation"]
[ECO "E24"]
[Time "18:01:01"]
[TimeControl "2700+45"]

1. d4 Nf6 2. c4 e6 3. Nc3 Bb4 4. a3 Bxc3+ 5. bxc3 c5 6. Nf3 b6 7. e3 Bb7 8. Be2
O-O 9. O-O d6 10. Nd2 Ne4 11. Nxe4 Bxe4 12. f3 Bb7 13. e4 f5 14. d5 e5 15. exf5
Rxf5 16. Bd3 Rf7 17. Qe1 Nd7 18. Qg3 Nf6 19. Bg5 g6 20. Qh4 Qe7 21. Rae1 Raf8
22. f4 Bc8 23. fxe5 dxe5 24. Be4 Qd6 25. Bh6 Re8 26. Bc2 Ree7 27. Bg5 Nh5 28.
Bxe7 Rxe7 29. Rf2 Rf7 30. Rxf7 Kxf7 31. Rf1+ Kg7 32. Qf2 Qe7 33. Qe3 Qd6 34. Re1
e4 35. Bxe4 Qe7 36. Qf2 Qe5 37. Bxg6 Qxe1+ 38. Qxe1 hxg6 39. Qe7+ {Black
resigns} 1-0

[Event "Team 45 45 League T61"]
[Site "Internet Chess Club"]
[Date "2014.06.18"]
[Round "4"]
[White "seattleblues"]
[Black "idjit"]
[Result "0-1"]
[WhiteElo "1402"]
[BlackElo "1618"]
[Opening "Queen's pawn, Mason variation"]
[ECO "D00"]
[Time "21:00:37"]
[TimeControl "2700+45"]

1. d4 d5 2. Bf4 Nc6 3. e3 Nf6 4. Nd2 e6 5. c3 Be7 6. Bd3 O-O 7. Ngf3 Nh5 8. Bg3
Re8 9. Ne5 Nxg3 10. hxg3 h6 11. Ndf3 Nxe5 12. Nxe5 Bf6 13. f4 c5 14. Qg4 Bxe5
15. fxe5 f5 16. exf6 Qxf6 17. O-O-O e5 18. Qg6 Qxg6 19. Bxg6 Re6 20. Bf5 Re7 21.
g4 Bxf5 22. gxf5 cxd4 23. exd4 e4 24. Rde1 Rc8 25. g3 Kf7 26. Rhf1 Kf6 27. g4
Kg5 28. Rg1 b5 29. a3 a5 30. Re2 b4 31. Kd2 bxc3+ 32. bxc3 Rb7 33. Kc2 Rcb8 34.
Kd2 Rb2+ 35. Ke3 Rxe2+ 36. Kxe2 Rb2+ 37. Ke3 Rc2 38. Rg3 Rxc3+ 39. Kf2 Rxg3 40.
Kxg3 a4 {White resigns} 0-1

[Event "Team 45 45 League T61"]
[Site "Internet Chess Club"]
[Date "2014.06.22"]
[Round "4"]
[White "nidusin2"]
[Black "frank001"]
[Result "0-1"]
[WhiteElo "1633"]
[BlackElo "1727"]
[Opening "Queen's pawn game"]
[ECO "D02"]
[Time "09:00:27"]
[TimeControl "2700+45"]

1. d4 d5 2. Nf3 f5 3. Bf4 Nf6 4. Nbd2 e6 5. e3 Bd6 6. Ne5 O-O 7. Bd3 c6 8. c4
Qe7 9. O-O Nbd7 10. Ndf3 Ne4 11. Nxd7 Bxd7 12. Bxd6 Qxd6 13. Ne5 Be8 14. f3 Nf6
15. Qe1 Nd7 16. f4 Nxe5 17. fxe5 Qd7 18. Rf3 Bg6 19. h4 Bh5 20. Rf4 g6 21. Be2
Bxe2 22. Qxe2 Kf7 23. g4 Rg8 24. Kh2 Qe7 25. gxf5 gxf5 26. Qh5+ Kf8 27. Raf1 Rg7
28. c5 b6 29. b4 bxc5 30. bxc5 Rb8 31. R1f2 Rb1 32. Qe2 Rgg1 33. Kh3 Rbe1 34.
Qf3 Qg7 35. Rxf5+ exf5 36. Qxf5+ Ke7 37. Qf4 Rh1+ 38. Rh2 Rxh2+ 39. Kxh2 Qg1+
{White resigns} 0-1

[Event "Team 45 45 League T61"]
[Site "Internet Chess Club"]
[Date "2014.06.22"]
[Round "4"]
[White "OneDirection"]
[Black "fireball"]
[Result "0-1"]
[WhiteElo "1521"]
[BlackElo "1720"]
[Opening "Benoni: classical with e4 and Nf3"]
[ECO "A70"]
[Time "16:02:02"]
[TimeControl "2700+45"]

1. d4 c5 2. c4 Nf6 3. d5 e6 4. Nc3 exd5 5. cxd5 d6 6. e4 g6 7. Nf3 Bg7 8. h3 O-O
9. Bd3 Re8 10. O-O a6 11. a4 Nbd7 12. Bf4 Qc7 13. Qc2 Nh5 14. Bh2 Ne5 15. Nxe5
Bxe5 16. Bxe5 Rxe5 17. f4 Re8 18. Rac1 Qb6 19. Ne2 c4+ 20. Rf2 cxd3 21. Qxd3
Qxb2 22. Qc3 Qxc3 23. Nxc3 Bd7 24. g4 Ng7 25. Re2 h5 26. Rg2 hxg4 27. hxg4 Rac8
28. Rcc2 f5 29. gxf5 gxf5 {White resigns} 0-1

[Event "Team 45 45 League T61"]
[Site "Internet Chess Club"]
[Date "2014.06.22"]
[Round "4"]
[White "CuatroPrincesas"]
[Black "junard"]
[Result "1-0"]
[WhiteElo "2212"]
[BlackElo "2018"]
[Opening "Sicilian: Scheveningen, English variation"]
[ECO "B90"]
[Time "02:01:39"]
[TimeControl "2700+45"]

1. e4 c5 2. Nf3 d6 3. d4 cxd4 4. Nxd4 Nf6 5. Nc3 a6 6. Be3 e6 7. Qd2 b5 8. f3
Nbd7 9. g4 h6 10. O-O-O Bb7 11. h4 b4 12. Na4 d5 13. Bh3 g6 14. g5 hxg5 15. hxg5
Nh5 16. Nxe6 fxe6 17. Bxe6 Qa5 18. b3 Nc5 19. Bxd5 O-O-O 20. Qd4 Be7 21. Nxc5
Bxd5 22. exd5 Qxa2 23. Na4 Rhf8 24. Rxh5 gxh5 25. f4 Bd6 26. Kd2 Rde8 27. Ra1
Rxf4 28. Rxa2 Rxd4+ 29. Bxd4 Bf4+ 30. Kd3 Bxg5 31. Nc5 Re1 32. Rxa6 Rd1+ 33. Kc4
Bd2 34. d6 {Black resigns} 1-0

[Event "Team 45 45 League T61"]
[Site "Internet Chess Club"]
[Date "2014.06.20"]
[Round "4"]
[White "cyborg86"]
[Black "Pomberito"]
[Result "1/2-1/2"]
[WhiteElo "1970"]
[BlackElo "2107"]
[Opening "Sicilian: Nimzovich-Rossolimo attack (without ...d6)"]
[ECO "B30"]
[Time "12:01:00"]
[TimeControl "2700+45"]

1. e4 c5 2. Nf3 Nc6 3. Bb5 d6 4. O-O Bd7 5. c3 Nf6 6. Re1 a6 7. Ba4 b5 8. Bc2 e5
9. d4 Qc7 10. Bg5 Be7 11. dxc5 dxc5 12. Nbd2 Rd8 13. Qe2 O-O 14. Nf1 h6 15. Bh4
Be6 16. Ne3 Na5 17. b3 Nc6 18. Rad1 Rxd1 19. Rxd1 Rd8 20. Rxd8+ Qxd8 21. Qd2
Qxd2 22. Nxd2 Kf8 23. Kf1 Bd8 24. Ke2 Ba5 25. Kd3 Ng4 26. Nxg4 Bxg4 27. f3 Be6
28. a3 Bb6 29. Ke2 {Game drawn by mutual agreement} 1/2-1/2

[Event "Team 45 45 League T61"]
[Site "Internet Chess Club"]
[Date "2014.06.23"]
[Round "4"]
[White "patito09"]
[Black "LazyPeon"]
[Result "0-1"]
[WhiteElo "1831"]
[BlackElo "1889"]
[Opening "Réti: King's Indian attack"]
[ECO "A05"]
[Time "16:38:04"]
[TimeControl "2700+45"]

1. Nf3 Nf6 2. g3 g6 3. Bg2 Bg7 4. O-O c5 5. d3 Nc6 6. Nc3 d5 7. e4 d4 8. Ne2 e5
9. c3 O-O 10. Ne1 Nh5 11. f4 f5 12. Qb3+ Kh8 13. Bd2 Qe7 14. Rd1 Be6 15. Qc2
Rad8 16. Nf3 fxe4 17. Nxe5 Nxe5 18. fxe5 e3 19. Bc1 Bxe5 20. c4 Rxf1+ 21. Rxf1
Rf8 22. Qd1 Rf7 23. Qa4 Rxf1+ 24. Bxf1 Qf7 25. Qd1 Qf2+ 26. Kh1 Bg4 27. Bg2 Bxe2
28. Qg1 Qxg1+ 29. Kxg1 Bxd3 30. Bxb7 Bxc4 31. b3 Be6 32. Ba6 Bf5 33. Kf1 Nf6 34.
Ke1 Nd5 35. Bc4 Be4 36. Ke2 Nc3+ 37. Ke1 Nxa2 38. Bb2 Kg7 39. Ba3 d3 40. Bxd3
Bxd3 41. Bxc5 Bc3+ 42. Kd1 e2# {White checkmated} 0-1

[Event "Team 45 45 League T61"]
[Site "Internet Chess Club"]
[Date "2014.06.20"]
[Round "4"]
[White "Nathan-L"]
[Black "PaulaR"]
[Result "0-1"]
[WhiteElo "1836"]
[BlackElo "1817"]
[Opening "Queen's pawn"]
[ECO "A40"]
[Time "13:01:05"]
[TimeControl "2700+45"]

1. d4 e6 2. Nf3 b6 3. Bf4 Bb7 4. e3 f5 5. Be2 Nf6 6. c4 Be7 7. Nc3 O-O 8. O-O d6
9. Ng5 Qd7 10. Bf3 d5 11. cxd5 exd5 12. h4 h6 13. Nh3 Ne4 14. Nxe4 dxe4 15. Be2
Bd5 16. g3 c6 17. a3 Qe6 18. Rc1 Nd7 19. Rc3 Kh7 20. Qc2 Nf6 21. Bc4 Rac8 22.
Be5 Bxc4 23. Rxc4 Ng4 24. Bf4 Rg8 25. Rd1 g5 26. hxg5 hxg5 27. Be5 Nxe5 28. dxe5
c5 29. Qe2 Kg6 30. Kg2 Rh8 31. Rc2 f4 {White resigns} 0-1

[Event "Team 45 45 League T61"]
[Site "Internet Chess Club"]
[Date "2014.06.23"]
[Round "4"]
[White "RobertStephen"]
[Black "xwang1"]
[Result "0-1"]
[WhiteElo "1962"]
[BlackElo "2012"]
[Opening "Vienna game, Max Lange defense"]
[ECO "C25"]
[Time "15:37:39"]
[TimeControl "2700+45"]

1. e4 e5 2. Nc3 Nc6 3. Bc4 Bc5 4. Qg4 g6 5. Qd1 d6 6. d3 Be6 7. Bxe6 fxe6 8. Na4
Bb6 9. Nxb6 axb6 10. Nf3 Nf6 11. O-O Qe7 12. Bh6 Ng4 13. Bg5 Qg7 14. Nd2 Nf6 15.
c3 O-O 16. Nf3 h6 17. Bh4 g5 18. Bg3 Nh5 19. a3 Nf4 20. Re1 Rae8 21. Re3 d5 22.
c4 d4 23. Re1 h5 24. b4 h4 25. Bxf4 Rxf4 26. b5 Ne7 27. Ra2 Ng6 28. Nxg5 Qh6 29.
Nh3 Rf6 30. Qg4 Kh8 31. Qg5 Qxg5 32. Nxg5 Nf4 33. g3 hxg3 34. fxg3 Nxd3 35. Rd1
Nc5 36. h4 Kg7 37. Kg2 Ref8 38. Re2 Na4 39. Rdd2 Nc3 40. Rf2 Rxf2+ 41. Rxf2
Rxf2+ 42. Kxf2 Kf6 43. Ke1 {White resigns} 0-1